 Dungeon Crawl Stone Soup version 0.27.1-1-g398f81649c (webtiles) character file.

Game seed: 7688491086629949522

1919 ZARRMARR the Covert (level 9, -6/51 HPs)
             Began as an Octopode Conjurer on Sept 12, 2021.
             Mangled by a slime creature (16 damage)
             ... on level 7 of the Dungeon.
             The game lasted 00:38:07 (9183 turns).

ZARRMARR the Covert (Octopode Conjurer)             Turns: 9183, Time: 00:38:07

Health: -6/51      AC:  1    Str:  6    XL:     9   Next: 16%
Magic:  11/12      EV: 15    Int: 23    God:
Gold:   243        SH:  0    Dex: 11    Spells: 6/12 levels left

rFire    . . .     SeeInvis .     - Blade Hands
rCold    . . .     Faith    .   (shield currently unavailable)
rNeg     . . .     Spirit   .   (helmet restricted)
rPois    .         Reflect  .   (no amulet)
rElec    .         Harm     .   (no ring)
rCorr    .         Rampage  .   (no ring)
Will     .....                  (no ring)
Stlth    +++++.....             (no ring)
HPRegen  0.17/turn              (no ring)
MPRegen  0.13/turn              (no ring)
                                (no ring)
                                (no ring)

@: blade tentacles (expiring)
A: almost no armour, amphibious, 8 rings, camouflage 1, gelatinous body 1,
(nimble swimmer 1), tentacles
a: End Transformation


You were on level 7 of the Dungeon.
You had blades for main tentacles.
You visited 2 branches of the dungeon, and saw 8 of its levels.

You collected 243 gold pieces.

Inventory:

Hand Weapons
 e - a +0 short sword of holy wrath
 l - a +2 dagger of protection
 A - the +2 mace of Untimely Demise (melded) {venom, Stlth+}
   (You found it on level 7 of the Dungeon)

   It poisons the flesh of those it strikes.
   Stlth:     It makes you more stealthy.
Armour
 t - a +0 buckler
Magical Staves
 h - a staff of air
Wands
 o - a wand of flame (39)
 r - a wand of digging (1)
 x - a wand of charming (6)
Scrolls
 a - 4 scrolls of teleportation
 b - 3 scrolls of amnesia
 i - a scroll of enchant armour
 m - a scroll of summoning
 p - a scroll of noise
 s - a scroll of immolation {unknown}
 u - a scroll of enchant weapon {unknown}
 y - a scroll of holy word {unknown}
 z - 2 scrolls of magic mapping {unknown}
Potions
 c - 3 potions of might
 d - 3 potions of attraction
 f - a potion of magic {unknown}
 g - a potion of curing
 k - 2 potions of degeneration {unknown}
 n - a potion of berserk rage {unknown}
 q - a potion of ambrosia {unknown}
 v - 2 potions of heal wounds {unknown}
 w - a potion of flight {unknown}


   Skills:
 + Level 6.1 Dodging
 + Level 8.6 Stealth
 - Level 2.0 Spellcasting
 - Level 4.4 Conjurations
 * Level 7.9 Transmutations


You had 6 spell levels left.
You knew the following spells:

 Your Spells              Type           Power      Damage    Failure   Level
a - Magic Dart            Conj           88%        1d7       22%         1
b - Blade Hands           Tmut           19%        N/A       54%         5

Your spell library contained the following spells:

 Spells                   Type           Power      Damage    Failure   Level
 Searing Ray              Conj           44%        3d4       26%         2
 Spider Form              Tmut/Pois      10%        N/A       41%         3
 Animate Skeleton         Necr           4%         N/A       52%         1
 Pain                     Necr           8%         1d4       52%         1
 Dazzling Flash           Conj/Hex       24%        N/A       56%         3
 Vampiric Draining        Necr           1%         2d6       78%         3
 Fulminant Prism          Conj/Hex       6%         3d7       85%         4
 Iskenderun's Mystic Bla  Conj/Tloc      12%        2d5       85%         4
 Freezing Cloud           Conj/Ice/Air   4%         6-21      99%         5
 Conjure Ball Lightning   Conj/Air       6%         3x3d6     100%        6


Dungeon Overview and Level Annotations

Branches:
Dungeon (7/15)             Temple (1/1) D:5

Altars:
Ashenzari
Cheibriados
Fedhas
Gozag
Hepliaklqana
Makhleb
Nemelex Xobeh
Okawaru
Qazlal
Ru
Trog
Uskayaw
Wu Jian
Xom
Yredelemnul
Zin
The Shining One

Shops:
D:7 (

Annotations:
D:1 exclusion: downstairs
D:4 2 runed translucent doors, ZARRMARR's ghost, amateur OpCj
D:6 exclusion: downstairs
D:7 exclusions: 2 lemures, orc and slime creature


Innate Abilities, Weirdness & Mutations

You have blades for main tentacles.
Your spellcasting is less reliable in this form.
You are incapable of wielding weapons or throwing items.
You cannot wear most types of armour.
You are amphibious.
You can wear up to eight rings at the same time.
Your skin changes colour to match your surroundings (Stealth+).
Your rubbery body absorbs attacks. (AC +1, EV +1)
((You are camouflaged near water. (Stealth+)))
You have tentacles for arms and can constrict up to eight enemies at once.


Message History

The sky beast is heavily wounded.
The sky beast closely misses you.
You slash the sky beast!
You kill the sky beast!
Really walk into a travel-excluded area?
The orc shouts!
The slime creature quivers.
You hear an angry growl.
You completely miss the slime creature. The slime creature barely misses you.
You completely miss the slime creature.
You squeeze the slime creature, but do no damage.
The slime creature hits you!!
You barely miss the orc. Your grab misses the orc.
The orc hits you with a +0 hand axe.
You slash the orc!
You kill the orc!
You slash the slime creature!
The slime creature is lightly wounded.
The slime creature hits you but does no damage.
You slash the slime creature! Your squeeze misses the slime creature.
The slime creature is moderately wounded.
The slime creature hits you!!
* * * LOW HITPOINT WARNING * * *
Press: ? - help, v - describe, . - travel, g - get item
Here: a slime creature (moderately wounded)
Items here: a +0 hand axe; a +0 ring mail; an orc corpse.
The floor.
As you read the scroll of fear, it crumbles to dust.
You assume a fearsome visage.
The slime creature resists with almost no effort.
The slime creature hits you.
* * * LOW HITPOINT WARNING * * *
Unknown command.
Your transformation is almost over.
The slime creature misses you.
Unknown command.
You slash the slime creature!
The slime creature is moderately wounded.
The slime creature hits you!
You die...

##...# #..#.......# #.)..#
#..###################### #....#
#.....................#..
##....###........................
........##.....#.##.###..##...#..
..........................#...#..
.................................
....#...##.....#J##.###...#.#.#..
#.......##.....#@##..............
#................................
...[.........#.#.######.....#.#.#
.[...........#..............#.#.#
............................#.#.#
.................#.##.#.....#....
............................#.#.#
##.#..#.##...##..#.##.#.....#.#.#
#...............#..........#.#..


You could see a slime creature.

Vanquished Creatures
  Sigmund (D:2)
  An orc warrior (D:7)
  A water moccasin (D:7)
  A sky beast (D:7)
  A black bear (D:6)
  A necrophage (D:6)
  3 ogres
  3 bullfrogs (D:6)
  A water moccasin skeleton (D:4)
  A bullfrog zombie (D:6)
  A centaur zombie (D:6)
  A gnoll shaman (D:4)
  2 hounds
  A jelly (D:4)
  An orc priest (D:6)
  A centaur skeleton (D:5)
  2 bullfrog skeletons
  5 iguanas
  An orc wizard (D:7)
  A hound zombie (D:5)
  A hound skeleton (D:4)
  2 howler monkey zombies
  A howler monkey skeleton (D:7)
  8 gnolls
  7 adders
  An ufetubus (D:7)
  2 worms
  2 dart slugs
  9 orcs
  3 bats
  3 endoplasms
  3 giant cockroaches
  5 goblins
  8 hobgoblins
  4 jackals
  4 quokkas
  9 ball pythons
  3 frilled lizards
  10 kobolds
  3 rats
118 creatures vanquished.

Vanquished Creatures (collateral kills)
  A black bear (D:5)
1 creature vanquished.

Grand Total: 119 creatures vanquished

Notes
Turn   | Place    | Note
-------+----------+-------------------------------------------
     0 | D:1      | ZARRMARR the Octopode Conjurer began the quest for the Orb.
     0 | D:1      | Reached XP level 1. HP: 11/11 MP: 3/3
   247 | D:1      | Reached skill level 3 in Stealth
   247 | D:1      | Reached XP level 2. HP: 16/17 MP: 0/5
   423 | D:1      | Got the Reference Book on Air and Shape Shifting
   466 | D:1      | Found a faded altar of an unknown god.
  1088 | D:2      | Reached XP level 3. HP: 21/21 MP: 4/6
  1231 | D:2      | Noticed Sigmund
  1320 | D:2      | Reached skill level 1 in Transmutations
  1526 | D:2      | Reached XP level 4. HP: 27/27 MP: 3/7
  2067 | D:3      | Reached skill level 4 in Stealth
  2267 | D:3      | Reached XP level 5. HP: 15/31 MP: 0/8
  2895 | D:3      | Found a glowing golden altar of the Shining One.
  3210 | D:4      | Found a sparkling altar of Nemelex Xobeh.
  3279 | D:4      | Found an opulent altar of Gozag.
  3394 | D:4      | Found a glowing silver altar of Zin.
  3640 | D:4      | Reached XP level 6. HP: 33/36 MP: 5/9
  3765 | D:5      | Entered Level 5 of the Dungeon
  3774 | D:5      | Reached skill level 5 in Stealth
  4041 | D:5      | Noticed a black bear
  4120 | D:5      | Reached XP level 7. HP: 19/41 MP: 8/10
  4435 | D:5      | Found a staircase to the Ecumenical Temple.
  4453 | Temple   | Entered the Ecumenical Temple
  4873 | D:5      | Reached skill level 6 in Stealth
  5173 | D:5      | Reached skill level 5 in Transmutations
  5383 | D:5      | Found a hazy altar of Hepliaklqana.
  5383 | D:5      | Found a hide-covered altar of Uskayaw.
  5384 | D:5      | Found a stormy altar of Qazlal.
  5787 | D:6      | Reached XP level 8. HP: 39/46 MP: 8/11
  5929 | D:6      | HP: 2/46 [ogre (19)]
  6235 | D:6      | Reached skill level 7 in Stealth
  6283 | D:6      | Reached skill level 5 in Dodging
  7207 | D:6      | Learned a level 5 spell: Blade Hands
  8036 | D:4      | Found a large runed translucent door.
  8036 | D:4      | Found a large runed translucent door.
  8057 | D:4      | Noticed ZARRMARR's ghost (amateur OpCj)
  8201 | D:2      | Killed Sigmund
  8202 | D:2      | Reached skill level 8 in Stealth
  8449 | D:7      | Found Mouvosyc's Antique Weapon Emporium.
  8496 | D:7      | Reached XP level 9. HP: 19/51 MP: 6/12
  8945 | D:7      | Identified the +2 mace of Untimely Demise {venom, Stlth+}
  9183 | D:7      | Mangled by a slime creature

Illustrated notes

Levels and vault maps discovered:
D:1:      lightli_arrival_maybe_door_vault, layout_basic,
          hellmonk_ecumenical_altar_pennies_from_heaven, minmay_heptomino_d4
D:2:      layout_rooms, uniq_sigmund
D:3:      layout_loops_ring, mainiacjoe_overflow_paths, st_stairs_7,
          minmay_misc_feat_columns, kennysheep_generic_room_8
D:4:      layout_basic, pdpol_temple_overflow_zin_treasury_gozag_greed,
          nemelex_xobeh_ov_fountains_minmay, ebering_ghost_disaster_area
D:5:      layout_cave_pools, gammafunk_temple_overflow_claw,
          minmay_temple_entry_tees
D:6:      layout_loops_ring
D:7:      layout_basic, serial_shops, kennysheep_little_box,
          hangedman_minor_gate_pass, uniq_pikel, uniq_crazy_yiuf_cottage,
          uniq_maggie
Temple:   jpeg_temple_alley_garden

Skill      XL: |  1  2  3  4  5  6  7  8  9 |
---------------+----------------------------+-----
Stealth        | 3 4 5 6 8 |  8.6
Transmutations | 1 2 3 4 5 7 |  7.9
Dodging        | 3 4 5 6 |  6.1
Spellcasting   | |  2.0
Conjurations   | |  4.4

Action                   |  1- 3 |  4- 6 |  7- 9 || total
-------------------------+-------+-------+-------++-------
Melee: Unarmed           |     6 |       |    45 ||    51
       Tentacles         |     6 |     5 |    16 ||    27
       Constrict         |     4 |     6 |    20 ||    30
       Short sword       |     8 |       |       ||     8
       Dagger            |       |    40 |    91 ||   131
 Cast: Magic Dart        |    46 |   107 |    82 ||   235
       Blade Hands       |       |       |     9 ||     9
Evoke: Wand              |       |     8 |     2 ||    10
  Use: Scroll            |     3 |     4 |     5 ||    12
 Stab: Sleeping          |       |       |     3 ||     3
Armor: Skin              |     2 |    13 |    25 ||    40
Dodge: Dodged            |    10 |    30 |    87 ||   127
